EVO
UNIVERSITY OF ARIZONA WILDCATS @ UNIVERSITY OF SOUTH CAROLINA GAMECOCKS
11/01/2047
 
TOP OF THE 1ST
University of Arizona Wildcats batting - Pitching for University of South Carolina Gamecocks : LHP David Saltzman
Pitching: LHP David Saltzman
Batting: LHB Jere Paatelainen 0-0: Ball
1-0: Foul Ball, location: 2F
1-1: Swinging Strike
1-2: Strikes out looking
Batting: RHB Dan Doggett 0-0: Ball
1-0: Swinging Strike
1-1: Foul Ball, location: 2F
1-2: Strikes out swinging
Batting: RHB Ron Dondale 0-0: Swinging Strike
0-1: Called Strike
0-2: Foul Ball, location: 2F
0-2: Ball
1-2: Foul Ball, location: 2F
1-2: DOUBLE (Flyball, 89XD, EV 103.8 MPH)
Batting: RHB Ricardo Fernandez 0-0: Called Strike
0-1: Called Strike
0-2: DOUBLE (Line Drive, 7LS, EV 93.1 MPH)
Ron Dondale scores
Batting: RHB Steve Carmichael 0-0: Called Strike
0-1: Ball
1-1: Ball
2-1: Ball
3-1: Reached on error, E7 (Flyball, 7LD, EV 95.0 MPH)
Ricardo Fernandez scores
Batting: LHB Pascal Noël 0-0: Ball
1-0: Swinging Strike
1-1: Ball
2-1: SINGLE (Groundball, 34D, EV 101.2 MPH)
Steve Carmichael to third
Runner from 3rd tries for Home, SAFE, throw by RF to home
Batting: LHB Andrew Davis 0-0: Foul Ball, location: 2F
0-1: Called Strike
0-2: Foul Ball, location: 2F
0-2: Fly out, F7 (Flyball, 78M, EV 85.0 MPH)
Top of the 1st over - 3 runs, 3 hits, 1 error, 1 left on base; University of Arizona 3 - University of South Carolina 0
BOTTOM OF THE 1ST
University of South Carolina Gamecocks batting - Pitching for University of Arizona Wildcats : RHP Brendan Malzone
Pitching: RHP Brendan Malzone
Batting: RHB Justin Kurutz 0-0: Ball
1-0: Foul Ball, location: 2F
1-1: Ball
2-1: Ground out 5-3 (Groundball, 56, EV 81.2 MPH)
Batting: LHB Bert Webster 0-0: Ground out 3-1 (Groundball, 13, EV 88.1 MPH)
Batting: SHB Keith Mihas 0-0: Ground out 4-3 (Groundball, 4M, EV 106.2 MPH)
Bottom of the 1st over - 0 runs, 0 hits, 0 errors, 0 left on base; University of Arizona 3 - University of South Carolina 0
TOP OF THE 2ND
University of Arizona Wildcats batting - Pitching for University of South Carolina Gamecocks : LHP David Saltzman
Batting: RHB Larry Harlow 0-0: Called Strike
0-1: Fly out, F8 (Flyball, 8LM, EV 87.5 MPH)
Batting: SHB George Grace 0-0: Called Strike
0-1: Ball
1-1: Ball
2-1: Foul Ball, location: 2F
2-2: Strikes out swinging
Batting: LHB Jere Paatelainen 0-0: Ball
1-0: Foul Ball, location: 2F
1-1: Foul Ball, location: 2F
1-2: Foul Ball, location: 2F
1-2: Ball
2-2: Strikes out looking
Top of the 2nd over - 0 runs, 0 hits, 0 errors, 0 left on base; University of Arizona 3 - University of South Carolina 0
BOTTOM OF THE 2ND
University of South Carolina Gamecocks batting - Pitching for University of Arizona Wildcats : RHP Brendan Malzone
Batting: RHB Brian Passalacqua 0-0: Fly out, F7 (Flyball, 7, EV 95.0 MPH)
Batting: RHB Phil Hanley 0-0: Ball
1-0: Called Strike
1-1: Ball
2-1: Ball
3-1: Foul Ball, location: 2F
3-2: Base on Balls
Batting: LHB David Fowler 0-0: Ball
1-0: Called Strike
1-1: Ball
2-1: Ball
3-1: Swinging Strike
3-2: Foul Ball, location: 2F
3-2: Foul Ball, location: 2F
3-2: Foul Ball, location: 2F
3-2: Base on Balls
Phil Hanley to second
Batting: RHB Jeff Swanson 0-0: Grounds into double play, 6-4-3 (Groundball, 6, EV 87.5 MPH)
Bottom of the 2nd over - 0 runs, 0 hits, 0 errors, 1 left on base; University of Arizona 3 - University of South Carolina 0
TOP OF THE 3RD
University of Arizona Wildcats batting - Pitching for University of South Carolina Gamecocks : LHP David Saltzman
Batting: RHB Dan Doggett 0-0: Fly out, F4 (Popup, 34D, EV 71.9 MPH)
Batting: RHB Ron Dondale 0-0: Called Strike
0-1: Called Strike
0-2: Foul Ball, location: 2F
0-2: Foul Ball, location: 2F
0-2: SOLO HOME RUN (Flyball, 78XD, EV 103.1 MPH), Distance : 417 ft
Batting: RHB Ricardo Fernandez 0-0: Called Strike
0-1: Ball
1-1: DOUBLE (Flyball, 8LXD, EV 111.9 MPH)
Batting: RHB Steve Carmichael 0-0: Ball
1-0: Called Strike
1-1: Swinging Strike
1-2: Ball
2-2: Ground out U3 (Groundball, 34, EV 101.2 MPH)
Ricardo Fernandez to third
Batting: LHB Pascal Noël 0-0: Ball
1-0: Foul Ball, location: 2F
1-1: Ball
2-1: Hit by Pitch
Batting: LHB Andrew Davis 0-0: Ball
1-0: Called Strike
1-1: Ball
2-1: Foul Ball, location: 2F
2-2: Foul Ball, location: 2F
2-2: Fielders Choice at 2nd, 6-4 (Groundball, 6, EV 85.0 MPH)
Top of the 3rd over - 1 run, 2 hits, 0 errors, 2 left on base; University of Arizona 4 - University of South Carolina 0
BOTTOM OF THE 3RD
University of South Carolina Gamecocks batting - Pitching for University of Arizona Wildcats : RHP Brendan Malzone
Batting: RHB Ben Turner 0-0: Ball
1-0: Foul Ball, location: 2F
1-1: Swinging Strike
1-2: Ball
2-2: Fly out, F9 (Line Drive, 9, EV 95.6 MPH)
Batting: LHB David Saltzman 0-0: Fly out, F8 (Line Drive, 8LS, EV 96.2 MPH)
Batting: RHB Justin Kurutz 0-0: Ball
1-0: Ball
2-0: Foul Ball, location: 2F
2-1: Foul Ball, location: 2F
2-2: Ball
3-2: Fly out, F9 (Flyball, 9, EV 92.5 MPH)
Bottom of the 3rd over - 0 runs, 0 hits, 0 errors, 0 left on base; University of Arizona 4 - University of South Carolina 0
TOP OF THE 4TH
University of Arizona Wildcats batting - Pitching for University of South Carolina Gamecocks : LHP David Saltzman
Batting: RHB Larry Harlow 0-0: Ball
1-0: Fly out, F8 (Flyball, 8RD, EV 103.8 MPH)
Batting: SHB George Grace 0-0: Foul Ball, location: 2F
0-1: Swinging Strike
0-2: Ball
1-2: SOLO HOME RUN (Flyball, 9D, EV 95.6 MPH), Distance : 362 ft
Batting: LHB Jere Paatelainen 0-0: Called Strike
0-1: Ground out U3 (Groundball, 3, EV 91.9 MPH)
Batting: RHB Dan Doggett 0-0: Ball
1-0: Ball
2-0: Ground out 3-1 (Groundball, 34, EV 80.6 MPH)
Top of the 4th over - 1 run, 1 hit, 0 errors, 0 left on base; University of Arizona 5 - University of South Carolina 0
BOTTOM OF THE 4TH
University of South Carolina Gamecocks batting - Pitching for University of Arizona Wildcats : RHP Brendan Malzone
Batting: LHB Bert Webster 0-0: Ground out 4-3 (Groundball, 4M, EV 83.1 MPH)
Batting: SHB Keith Mihas 0-0: Foul Ball, location: 2F
0-1: Ball
1-1: Foul Ball, location: 2F
1-2: SINGLE (Flyball, 6D, EV 90.0 MPH) - OUT at second base trying to stretch hit.
Batting: RHB Brian Passalacqua 0-0: Called Strike
0-1: Foul Ball, location: 2F
0-2: SINGLE (Line Drive, 6MD, EV 96.2 MPH)
Batting: RHB Phil Hanley 0-0: Called Strike
0-1: Ball
1-1: 2-RUN HOME RUN (Flyball, 7D, EV 103.1 MPH), Distance : 399 ft
Batting: LHB David Fowler 0-0: Called Strike
0-1: Ball
1-1: Ground out 3-1 (Groundball, 34, EV 90.0 MPH)
Bottom of the 4th over - 2 runs, 3 hits, 0 errors, 0 left on base; University of Arizona 5 - University of South Carolina 2
TOP OF THE 5TH
University of Arizona Wildcats batting - Pitching for University of South Carolina Gamecocks : LHP David Saltzman
Batting: RHB Ron Dondale 0-0: Ball
1-0: Called Strike
1-1: Ball
2-1: Ball
3-1: Fly out, F9 (Flyball, 9, EV 92.5 MPH)
Pitching: RHP Carey Yarn
Batting: RHB Ricardo Fernandez 0-0: Ball
1-0: Fly out, F8 (Flyball, 8RD, EV 89.4 MPH)
Batting: RHB Steve Carmichael 0-0: Ball
1-0: Called Strike
1-1: Ball
2-1: Foul Ball, location: 2F
2-2: Ball
3-2: Fly out, F7 (Flyball, 7, EV 77.5 MPH)
Top of the 5th over - 0 runs, 0 hits, 0 errors, 0 left on base; University of Arizona 5 - University of South Carolina 2
BOTTOM OF THE 5TH
University of South Carolina Gamecocks batting - Pitching for University of Arizona Wildcats : RHP Brendan Malzone
Batting: RHB Jeff Swanson 0-0: Ball
1-0: Ball
2-0: Ball
3-0: Called Strike
3-1: Base on Balls
Batting: RHB Ben Turner 0-0: Ball
1-0: Ball
2-0: Ball
Pickoff Throw by Catcher to First - Out!
3-0: Base on Balls
Batting: LHB David Saltzman 0-0: Ball
1-0: DOUBLE (Line Drive, 78D, EV 112.5 MPH)
Ben Turner to third
Batting: RHB Justin Kurutz 0-0: Called Strike
0-1: Ball
1-1: Foul Ball, location: 2F
1-2: Ball
2-2: Foul Ball, location: 2F
2-2: Foul Ball, location: 2F
2-2: Ball
3-2: Fly out, F9 (Flyball, 9LS, EV 75.0 MPH)
Batting: LHB Bert Webster 0-0: Ball
1-0: Fly out, F8 (Flyball, 8LD, EV 84.4 MPH)
Bottom of the 5th over - 0 runs, 1 hit, 0 errors, 2 left on base; University of Arizona 5 - University of South Carolina 2
TOP OF THE 6TH
University of Arizona Wildcats batting - Pitching for University of South Carolina Gamecocks : RHP Carey Yarn
Batting: LHB Pascal Noël 0-0: Ball
1-0: Fly out, F9 (Line Drive, 89M, EV 103.8 MPH)
Batting: LHB Andrew Davis 0-0: Ball
1-0: Foul Ball, location: 2F
1-1: Ball
2-1: Ball
3-1: Base on Balls
Batting: RHB Larry Harlow 0-0: Ball
1-0: Called Strike
1-1: Fly out, F7 (Line Drive, 7, EV 95.0 MPH)
Batting: SHB George Grace 0-0: Ball
1-0: Ball
2-0: Ball
3-0: Called Strike
3-1: Called Strike
3-2: Base on Balls
Andrew Davis to second
Pitching: RHP Danny Ramos
Batting: LHB Jere Paatelainen 0-0: Ball
1-0: SINGLE (Line Drive, 6MD, EV 109.4 MPH)
Andrew Davis to third
George Grace to second
Runner from 3rd tries for Home, SAFE, throw by CF to home
Batting: RHB Dan Doggett 0-0: Ball
1-0: Swinging Strike
1-1: Swinging Strike
1-2: Ground out U3 (Groundball, 3L, EV 84.4 MPH)
Top of the 6th over - 1 run, 1 hit, 0 errors, 2 left on base; University of Arizona 6 - University of South Carolina 2
BOTTOM OF THE 6TH
University of South Carolina Gamecocks batting - Pitching for University of Arizona Wildcats : RHP Brendan Malzone
Batting: SHB Keith Mihas 0-0: Foul Ball, location: 2F
0-1: Foul Ball, location: 2F
0-2: Ball
1-2: Foul Ball, location: 2F
1-2: Ball
2-2: Ground out 4-3 (Groundball, 4S, EV 85.6 MPH)
Batting: RHB Brian Passalacqua 0-0: Called Strike
0-1: Ball
1-1: Fly out, F3 (Popup, 34, EV 68.1 MPH)
Batting: RHB Phil Hanley 0-0: SOLO HOME RUN (Flyball, 7LD, EV 96.2 MPH), Distance : 382 ft
Batting: LHB David Fowler 0-0: Ball
1-0: Foul Ball, location: 2F
1-1: Ball
2-1: Fly out, F9 (Flyball, 89M, EV 81.2 MPH)
Bottom of the 6th over - 1 run, 1 hit, 0 errors, 0 left on base; University of Arizona 6 - University of South Carolina 3
TOP OF THE 7TH
University of Arizona Wildcats batting - Pitching for University of South Carolina Gamecocks : RHP Danny Ramos
Batting: RHB Ron Dondale 0-0: Ball
1-0: Ball
2-0: Ball
3-0: Base on Balls
Batting: RHB Ricardo Fernandez 0-0: Swinging Strike
0-1: Called Strike
0-2: SINGLE (Line Drive, 78S, EV 94.4 MPH)
Ron Dondale to second
Batting: RHB Steve Carmichael 0-0: Ball
1-0: Swinging Strike
1-1: Ball
2-1: Foul Ball, location: 2F
2-2: Ball
3-2: Foul Ball, location: 2F
3-2: Base on Balls
Ron Dondale to third
Ricardo Fernandez to second
Pitching: RHP Bob Conway
Batting: LHB Pascal Noël 0-0: Ball
1-0: Ball
2-0: Ball
3-0: Called Strike
3-1: SINGLE (Groundball, 34D, EV 103.8 MPH)
Ron Dondale scores
Ricardo Fernandez to third
Steve Carmichael to second
Batting: LHB Andrew Davis 0-0: Foul Ball, location: 2F
0-1: Ball
1-1: Swinging Strike
1-2: Ball
2-2: Strikes out swinging
Batting: RHB Larry Harlow 0-0: Called Strike
0-1: Called Strike
0-2: Grounds into double play, 2-3 (Groundball, 13S, EV 74.4 MPH)
Top of the 7th over - 1 run, 2 hits, 0 errors, 2 left on base; University of Arizona 7 - University of South Carolina 3
BOTTOM OF THE 7TH
University of South Carolina Gamecocks batting - Pitching for University of Arizona Wildcats : RHP Brendan Malzone
Batting: RHB Jeff Swanson 0-0: Fly out, F8 (Flyball, 78S, EV 80.0 MPH)
Batting: RHB Ben Turner 0-0: Called Strike
0-1: Ground out 3-1 (Groundball, 34, EV 106.2 MPH)
Batting: LHB David Saltzman 0-0: Called Strike
0-1: Called Strike
0-2: Foul Ball, location: 2F
0-2: Ball
1-2: Hit by Pitch
Batting: RHB Justin Kurutz 0-0: Called Strike
0-1: Ball
1-1: Swinging Strike
1-2: Ball
2-2: Ball
3-2: 2-RUN HOME RUN (Flyball, 89XD, EV 98.8 MPH), Distance : 393 ft
Pitching: RHP Jimmy Serna
Batting: LHB Bert Webster 0-0: Fly out, F7 (Flyball, 7S, EV 93.8 MPH)
Bottom of the 7th over - 2 runs, 1 hit, 0 errors, 0 left on base; University of Arizona 7 - University of South Carolina 5
TOP OF THE 8TH
University of Arizona Wildcats batting - Pitching for University of South Carolina Gamecocks : RHP Bob Conway
Pitching: RHP Jop van Grootveld
Batting: SHB George Grace 0-0: Foul Ball, location: 2F
0-1: Foul Ball, location: 2F
0-2: Strikes out looking
Batting: LHB Jere Paatelainen 0-0: Ball
1-0: Ball
2-0: Called Strike
2-1: Foul Ball, location: 2F
2-2: Foul Ball, location: 2F
2-2: Foul Ball, location: 2F
2-2: Foul Ball, location: 2F
2-2: Ball
3-2: Base on Balls
Batting: RHB Dan Doggett 0-0: Called Strike
0-1: Ball
1-1: Swinging Strike
1-2: Strikes out swinging
Batting: RHB Ron Dondale 0-0: Called Strike
Jere Paatelainen is caught stealing 2nd base 2-4
Top of the 8th over - 0 runs, 0 hits, 0 errors, 0 left on base; University of Arizona 7 - University of South Carolina 5
BOTTOM OF THE 8TH
University of South Carolina Gamecocks batting - Pitching for University of Arizona Wildcats : RHP Jimmy Serna
Batting: SHB Keith Mihas 0-0: Foul Ball, location: 2F
0-1: SINGLE (Groundball, 4MD, EV 95.6 MPH)
Pinch Hitting: LHB Chris McNay 0-0: Ball
1-0: Swinging Strike
1-1: Fly out, F8 (Flyball, 89D, EV 95.0 MPH)
Batting: RHB Phil Hanley 0-0: Called Strike
0-1: Ball
1-1: Ball
2-1: Foul Ball, location: 2F
2-2: SINGLE (Flyball, 6MD, EV 96.9 MPH)
Keith Mihas to second
Pitching: LHP Matt Waterbury
Pinch Hitting: RHB Keith Lynch 0-0: Foul Ball, location: 2F
0-1: Ball
1-1: Fly out, F8 (Flyball, 8LD, EV 79.4 MPH)
Batting: RHB Jeff Swanson 0-0: Fly out, F8 (Flyball, 89M, EV 78.8 MPH)
Bottom of the 8th over - 0 runs, 2 hits, 0 errors, 2 left on base; University of Arizona 7 - University of South Carolina 5
TOP OF THE 9TH
University of Arizona Wildcats batting - Pitching for University of South Carolina Gamecocks : RHP Jop van Grootveld
Pitching: RHP Scott Arthur
Now at 3B: Steve Gibson
Now in RF: Keith Lynch
Batting: RHB Ron Dondale 0-0: Called Strike
0-1: Ball
1-1: SINGLE (Line Drive, 5D, EV 98.8 MPH)
Batting: RHB Ricardo Fernandez 0-0: SINGLE (Line Drive, 78S, EV 94.4 MPH)
Ron Dondale to second
Runner from 2nd tries for 3rd, SAFE, throw by CF made to third
Batting: RHB Steve Carmichael 0-0: Called Strike
0-1: Ball
1-1: Foul Ball, location: 2F
1-2: Fielders Choice at 2nd, 6-4 (Groundball, 6, EV 85.6 MPH)
Ron Dondale scores
Batting: LHB Pascal Noël 0-0: Ball
1-0: SINGLE (Groundball, 34S, EV 81.2 MPH) (infield hit)
Steve Carmichael to second
Batting: LHB Andrew Davis 0-0: Ball
1-0: Ball
2-0: Called Strike
2-1: Fly out, F8 (Line Drive, 8LD, EV 102.5 MPH)
Batting: RHB Larry Harlow 0-0: Fly out, F7 (Line Drive, 7S, EV 96.2 MPH)
Top of the 9th over - 1 run, 3 hits, 0 errors, 2 left on base; University of Arizona 8 - University of South Carolina 5
BOTTOM OF THE 9TH
University of South Carolina Gamecocks batting - Pitching for University of Arizona Wildcats : LHP Matt Waterbury
Pitching: LHP Lance Freake
Now at 3B: Manny Corral
Batting: RHB Ben Turner 0-0: Called Strike
0-1: Ball
1-1: Called Strike
1-2: Foul Ball, location: 2F
1-2: Fly out, F8 (Flyball, 8RS, EV 78.8 MPH)
Batting: LHB David Saltzman 0-0: DOUBLE (Flyball, 9LM, EV 108.8 MPH)
Batting: RHB Justin Kurutz 0-0: Called Strike
0-1: Swinging Strike
0-2: Ball
1-2: Strikes out swinging
Batting: LHB Bert Webster 0-0: Ball
1-0: Ball
2-0: Foul Ball, location: 2F
2-1: Ball
3-1: Ground out 4-3 (Groundball, 34, EV 83.8 MPH)
Bottom of the 9th over - 0 runs, 1 hit, 0 errors, 1 left on base; University of Arizona 8 - University of South Carolina 5
Thursday, December 15th , 2022 - OOTP Baseball 23.9 Build 102